 Seeded DCSS version 0.30.0-3-ga4e48a9924 (webtiles) character file.

Game seed: 11222869535617054362 (custom seed)

63 Pimp the Firebug (level 4, -1/33 HPs)
             Began as a Hill Orc Fire Elementalist on May 7, 2023.
             Killed by an exploding jackal (32 damage)
             ... ignited by their inner flame
             ... on level 2 of the Dungeon.
             The game lasted 00:03:48 (2080 turns).

Pimp the Firebug (Hill Orc Fire Elementalist)       Turns: 2080, Time: 00:03:49

Health: -1/33      AC:  2    Str: 10    XL:     4   Next: 9%
Magic:  5/7        EV: 12    Int: 17    God:
Gold:   73         SH:  0    Dex: 11    Spells: 4/7 levels left

rFire   . . .        b - +1 dagger
rCold   . . .        (no shield)
rNeg    . . .        a - +0 robe
rPois   .            (no helmet)
rElec   .            (no cloak)
rCorr   .            (no gloves)
SInv    .            (no boots)
Will    .....        (no amulet)
Stlth   ++           (no ring)
HPRegen 0.25/turn    (no ring)
MPRegen 0.10/turn

%: no passive effects
@: no status effects
A: no striking features
a: no special abilities


You were on level 2 of the Dungeon.
You visited 1 branch of the dungeon, and saw 2 of its levels.

You collected 73 gold pieces.

Inventory:

Hand Weapons
 b - a +1 dagger (weapon)
Armour
 a - a +0 robe (worn)
 i - a +0 ring mail
Scrolls
 d - a scroll of acquirement {unknown}
 e - 2 scrolls of teleportation {unknown}
 f - a scroll of identify
Potions
 c - a potion of flight
 g - a potion of haste {unknown}
 h - 2 potions of might {unknown}
 j - a potion of cancellation {unknown}


   Skills:
 + Level 1.9 Dodging
 + Level 1.7 Stealth
 + Level 0.4 Unarmed Combat
 + Level 2.2 Spellcasting
 + Level 1.5 Conjurations
 + Level 4.1 Fire Magic


You had 4 spell levels left.
You knew the following spells:

 Your Spells              Type           Power      Damage    Failure   Level
a - Foxfire               Conj/Fire      44%        2x1d6     6%          1
b - Scorch                Fire           30%        2d6       5%          2

Your spell library contained the following spells:

 Spells                   Type           Power      Damage    Failure   Level
 Inner Flame              Hex/Fire       8%         N/A       24%         3
 Volatile Blastmotes      Fire/Tloc      16%        2d11      24%         3
 Ignite Poison            Fire/Tmut/Pois 6%         N/A       32%         3
 Flame Wave               Conj/Fire      11%        2d6       52%         4
 Sticky Flame             Conj/Fire      11%        2d3       52%         4
 Ignition                 Fire           7%         3d5       100%        8


Dungeon Overview and Level Annotations

Branches:
Dungeon (2/15)

Altars:


Message History

The quokka is severely wounded.
The quokka barely misses you. x2
You closely miss the quokka.
The quokka is severely wounded.
The quokka bites you but does no damage.
You hit the quokka.
You kill the quokka!
You start resting.
HP restored.
You start resting.
Magic restored.
Found 3 stones.
A giant cockroach comes into view.
A ball python comes into view.
Found 5 stones.
k - a scroll labelled VORAR YPIPT A jackal comes into view.
You see here a scroll labelled RUZUER UTZU.
As you read the scroll labelled VORAR YPIPT, it crumbles to dust.
The creatures around you are filled with an inner flame!
It was a scroll of immolation.
Unknown command.
The jackal barely misses you.
The ball python hisses angrily.
Found 2 poisoned darts.
The jackal bites you. The jackal attacks as you move away!
The jackal closely misses you.
Casting: Scorch (safe; 5% risk of failure)
Confirm with . or Enter, or press ? or * to list all spells.
Flames lash the giant cockroach.
The giant cockroach explodes!
The tree burns like a torch!
The fiery explosion engulfs the bush!!
The bush is on fire!
The bush is moderately damaged.
The fiery explosion engulfs the bush!!!
The bush is on fire!
The bush is heavily damaged.
The fiery explosion engulfs the jackal!!
The jackal explodes!
The fiery explosion engulfs you!!
Ouch! That really hurt!
You die...

#.#### #.#
♣######.P.P##..#.#.
.(........♣.........
♣.#.....P♣..?#..♣
♣....P♣♣..S....#
♣♣#..P♣§P§......♣
.....♣.§§§....#....
#....P.P§#.#.##.♣.♣
..♣..@§....# . ..
.......####..# # #
..# ######.## #..#
..# .#####...###..#
..# ..........#...#
..# #.)........# .(#
##.....#.### ..#
##...##.# ..#####
######.###.# #.#


You could see a ball python (inner flame).

Vanquished Creatures
  2 adders (D:2)
  3 dart slugs
  5 endoplasms
  5 giant cockroaches
  3 goblins
  A jackal (D:2)
  4 kobolds
  2 quokkas
  5 ball pythons
  8 bats
  A frilled lizard (D:1)
  A rat (D:1)
40 creatures vanquished.

Vanquished Creatures (collateral kills)
  2 foxfires (D:2)
2 creatures vanquished.

Vanquished Creatures (others)
  62 foxfires
  8 plants (D:2)
70 creatures vanquished.

Grand Total: 112 creatures vanquished

Notes
Turn   | Place    | Note
-------+----------+-------------------------------------------
     0 | D:1      | Pimp the Hill Orc Fire Elementalist began the quest for the
                  | Orb.
     0 | D:1      | Reached XP level 1. HP: 14/14 MP: 3/3
   254 | D:1      | Reached XP level 2. HP: 12/20 MP: 1/4
   940 | D:1      | Reached XP level 3. HP: 23/26 MP: 5/5
  1112 | D:1      | Learned a level 2 spell: Scorch
  1416 | D:2      | Reached skill level 4 in Fire Magic
  1882 | D:2      | Reached XP level 4. HP: 33/33 MP: 2/7
  2080 | D:2      | Killed by an exploding jackal... ignited by their inner
                  | flame

Illustrated notes

Levels and vault maps discovered:
D:1:      dpeg_arrival_arbitrary_b, layout_basic
D:2:      layout_loops_ring, serial_forest, infiniplex_forest_lined_room_,
          infiniplex_forest_zigzag_2, infiniplex_forest_straight_1,
          infiniplex_forest_fountain, infiniplex_forest_corner_1,
          infiniplex_forest_end_3, infiniplex_forest_lined_corner,
          infiniplex_forest_clump_diagonal, infiniplex_forest_lined_room_3

Skill      XL: |  1  2  3 |
---------------+----------+-----
Fire Magic     | 4 |  4.1
Spellcasting   | 2 |  2.2
Dodging        | |  1.9
Stealth        | |  1.7
Unarmed Combat | |  0.4
Conjurations   | |  1.5

Action                     |  1- 3 |  4- 6 || total
---------------------------+-------+-------++-------
  Melee: Unarmed           |     5 |       ||     5
         Dagger            |    53 |     6 ||    59
   Cast: Foxfire           |    46 |       ||    46
         Scorch            |     3 |     4 ||     7
    Use: Potion            |     1 |       ||     1
         Scroll            |     4 |     1 ||     5
   Stab: Sleeping          |     1 |       ||     1
 Armour: Robe              |    24 |     1 ||    25
  Dodge: Dodged            |    72 |     6 ||    78
